 Dungeon Crawl Stone Soup version 0.22.0-40-g68aacdc4c8 (webtiles) character file.

178 Kaderl the Covered (level 5, -2/42 HPs)
             Began as a Human Fighter on Sept 1, 2018.
             Killed from afar by an orc wizard (13 damage)
             ... with a puff of frost
             ... on level 3 of the Dungeon.
             The game lasted 00:06:16 (2182 turns).

Kaderl the Covered (Human Fighter)                  Turns: 2182, Time: 00:06:17

Health: -2/42      AC: 12    Str: 17    XL:     5   Next: 89%
Magic:  5/5        EV:  5    Int: 11    God:
Gold:   127        SH:  9    Dex: 13    Spells: 4/4 levels left

rFire    . . .     SeeInvis .   a - +0 flail
rCold    . . .     Gourm    .   c - +0 shield
rNeg     . . .     Faith    .   i - +0 chain mail
rPois    .         Spirit   .   l - +2 helmet {Int+3}
rElec    .         Reflect  .   (no cloak)
rCorr    .         Harm     .   (no gloves)
MR       .....                  (no boots)
Stlth    ..........             (no amulet)
HPRegen  0.14/turn              (no ring)
MPRegen  0.09/turn              (no ring)

@: no status effects
A: no striking features
a: no special abilities


You were on level 3 of the Dungeon.
You were not hungry.

You visited 1 branch of the dungeon, and saw 3 of its levels.

You collected 127 gold pieces.

Inventory:

Hand Weapons
 a - a +0 flail (weapon)
Armour
 c - a +0 shield (worn)
 i - a +0 chain mail (worn)
 l - a +2 helmet of intelligence (worn)
 p - a +2 cloak
Wands
 n - a wand of polymorph (9)
Scrolls
 b - a scroll of immolation
 g - a scroll of fear
 h - a scroll of identify
Potions
 d - a potion of might
 e - 2 potions of resistance {unknown}
 j - a potion of brilliance {unknown}
 k - a potion of magic {unknown}
 m - a potion of curing {unknown}
 o - 2 potions of degeneration {unknown}
 q - a potion of ambrosia {unknown}
Comestibles
 f - 2 rations


   Skills:
 + Level 3.6 Fighting
 + Level 3.6 Maces & Flails
 + Level 3.7 Armour
 + Level 1.6 Dodging
 + Level 3.6 Shields


You had 4 spell levels left.
You didn't know any spells.
Your spell library was empty.

Dungeon Overview and Level Annotations

Branches:
Dungeon (3/15)

Altars:
Wu Jian


Message History

You kill the orc!
You hear some strange, mumbled words.
A puff of frost appears from out of thin air!
The puff of frost hits you! The orc hits you but does no damage.
Something hits you but does no damage. You block the orc's attack.
You see here a dagger.
You miss something. Something hits you but does no damage.
The orc closely misses you. Something hits you but does no damage.
You miss something. Something hits you. The orc barely misses you.
Something hits you but does no damage.
You miss something. You block something's attack.
The orc hits you with an enchanted trident.
* * * LOW HITPOINT WARNING * * *
You block the orc's attack. Something hits you but does no damage.
Your shield and chain mail prevent you from hitting something.
Something completely misses you. You block the orc's attack.
You hear some strange, mumbled words.
A puff of frost appears from out of thin air!
The puff of frost hits you!
You die...

# .# ..# ##########... ..
.†.......#.... #.##
.........#..... ..# ..
.........#......##.###....
####))...#....og)og.g.....
#...))...#########.###....
#......###########oo# .
#......'........@{br#
#......############..#
#......# ..# ........ ..#
##....... .$. #.......
.#.. #....... .#.># #....#


You could see 2 orcs, a bat and a rat.

Vanquished Creatures
  2 orc priests (D:3)
  2 adders (D:2)
  A worm (D:2)
  A dart slug (D:1)
  10 orcs (D:3)
  A giant cockroach (D:3)
  8 goblins
  11 hobgoblins
  13 jackals
  6 kobolds
  10 bats
  3 frilled lizards
  9 rats
77 creatures vanquished.

Vanquished Creatures (others)
  A bat (D:2)
1 creature vanquished.

Grand Total: 78 creatures vanquished

Notes
Turn   | Place    | Note
-------+----------+-------------------------------------------
     0 | D:1      | Kaderl the Human Fighter began the quest for the Orb.
     0 | D:1      | Reached XP level 1. HP: 18/18 MP: 1/1
   128 | D:1      | Reached XP level 2. HP: 20/24 MP: 2/2
   322 | D:1      | Reached XP level 3. HP: 16/29 MP: 3/3
   699 | D:2      | Reached XP level 4. HP: 32/35 MP: 4/4
  1558 | D:2      | Found an ornate altar of the Wu Jian Council.
  1815 | D:3      | Reached XP level 5. HP: 24/41 MP: 5/5
  2164 | D:3      | Reached skill level 1 in Dodging
  2182 | D:3      | Killed from afar by an orc wizard

Skill      XL: |  1  2  3  4  5 |
---------------+----------------+-----
Maces & Flails | 3 |  3.6
Dodging        | 1 |  1.6
Fighting       | |  3.6
Armour         | |  3.7
Shields        | |  3.6

Action                   |  1- 3 |  4- 6 || total
-------------------------+-------+-------++-------
Melee: Flail             |   122 |   167 ||   289
  Use: Scroll            |       |     5 ||     5
  Eat: Ration            |       |     2 ||     2
Armor: Scale mail        |    53 |       ||    53
       Chain mail        |    30 |   114 ||   144
Dodge: Dodged            |    38 |    40 ||    78
Block: Shield            |    71 |   108 ||   179
